 Dungeon Crawl Stone Soup version 0.25.0-1-g7eea58d (webtiles) character file.

Game seed: 13483295317121213522

210 yaymichael the Shooter (level 5, -8/41 HPs)
             Began as a Centaur Hunter on June 20, 2020.
             Killed by nerve-wracking pain
             ... invoked by an orc priest
              (13 damage)
             ... on level 4 of the Dungeon.
             The game lasted 00:08:48 (3159 turns).

yaymichael the Shooter (Centaur Hunter)             Turns: 3159, Time: 00:08:48

Health: -8/41      AC:  6    Str: 14    XL:     5   Next: 56%
Magic:  5/5        EV:  9    Int: 10    God:
Gold:   148        SH:  0    Dex: 11    Spells: 4/4 levels left

rFire    . . .     SeeInvis +   i - +1 short sword (drain)
rCold    . . .     Gourm    .   (no shield)
rNeg     . . .     Faith    .   c - +0 leather armour
rPois    .         Spirit   .   o - +2 hat
rElec    .         Reflect  .   (no cloak)
rCorr    .         Harm     .   (no gloves)
MR       .....                  (no barding)
Stlth    +.........             (no amulet)
HPRegen  0.13/turn              g - ring of see invisible
MPRegen  0.09/turn              (no ring)

@: lethally poisoned (-8 -> -23), stab, flying, very quick
A: large, hooves 3, deformed body, speed 2, tough skin 3
a: no special abilities


You were on level 4 of the Dungeon.
You were not hungry.

You visited 1 branch of the dungeon, and saw 4 of its levels.

You collected 148 gold pieces.

Inventory:

Hand Weapons
 a - a +1 shortbow
 b - a +0 short sword
 i - a +1 short sword of draining (weapon)
Missiles
 d - 13 arrows
Armour
 c - a +0 leather armour (worn)
 o - a +2 hat (worn)
Jewellery
 g - a ring of see invisible (left hand)
 t - an uncursed ring of protection from cold
Scrolls
 h - 3 scrolls of teleportation
 m - 4 scrolls of identify
 s - a scroll of magic mapping {unknown}
 u - a scroll of enchant weapon {unknown}
 v - a scroll of noise {unknown}
 x - a scroll of amnesia
 y - a scroll of fog {unknown}
Potions
 e - a potion of lignification
 j - a potion of brilliance
 n - a potion of stabbing
 q - a potion of invisibility {unknown}
 r - a potion of cancellation {unknown}
 w - a potion of haste {unknown}
Comestibles
 f - 13 rations
 l - 5 chunks of flesh


   Skills:
 + Level 2.2 Fighting
 + Level 0.4 Short Blades
 * Level 7.4 Bows
 * Level 1.5 Armour
 * Level 1.8 Dodging
 - Level 0.4 Stealth
 * Level 1.7 Unarmed Combat


You had 4 spell levels left.
You didn't know any spells.
Your spell library was empty.

Dungeon Overview and Level Annotations

Branches:
Dungeon (4/15)
 Temple: D:4-7

Altars:
Elyvilon
Ru
Trog


Innate Abilities, Weirdness & Mutations

You have hooves in place of feet.
Armour fits poorly on your strangely shaped body.
You cover ground very quickly.
You have extremely tough skin. (AC +3)


Message History

Your kick misses the orc priest.
The orc priest is almost dead.
The worker ant bites you but does no damage.
The orc priest hits you but does no damage.
The worker ant barely misses you.
You barely miss the orc priest.
The orc priest is almost dead.
The worker ant bites you.
You are poisoned.
The worker ant poisons you!
The orc priest hits you but does no damage.
You barely miss the orc priest. You kick the orc priest.
The orc priest is almost dead.
You feel sick. The worker ant bites you!
* * * LOW HITPOINT WARNING * * *
You are more poisoned.
The worker ant poisons you!
The orc priest invokes the aid of Beogh against you.
Pain shoots through your body!
You die...

............_.........
#....#...⌠.....⌠...#.#
#...................# .
#....#.#.#.#.#.#.... #.
###..................
#..##..........#..#......
.......#.........###.....
.......#o......#.........
......oa@........##......
.....<#######.....#...##.
..... #.....##...#.......
.... #.⌠.⌠.#.......##..#
... #.._..'.......##...
#. #.⌠.⌠.#......####.# #
#.....###.....###.#
#######........####
#...........#


You could see a worker ant, an orc priest (drained) and an orc wizard
(invisible).

Vanquished Creatures
  An orc priest (D:3)
  An orc wizard (D:3)
  A worker ant (D:4)
  3 adders
  4 worms
  3 dart slugs
  A leopard gecko (D:1)
  12 orcs
  2 ball pythons (D:2)
  4 bats
  A giant cockroach (D:2)
  5 goblins
  5 hobgoblins
  8 jackals
  8 kobolds
  3 quokkas
  6 frilled lizards
  5 rats
73 creatures vanquished.

Notes
Turn   | Place    | Note
-------+----------+-------------------------------------------
     0 | D:1      | yaymichael the Centaur Hunter began the quest for the Orb.
     0 | D:1      | Reached XP level 1. HP: 17/17 MP: 1/1
   245 | D:1      | Reached XP level 2. HP: 22/24 MP: 2/2
   467 | D:1      | Reached skill level 6 in Bows
   796 | D:2      | Reached skill level 1 in Unarmed Combat
   818 | D:2      | Reached XP level 3. HP: 29/29 MP: 3/3
  1491 | D:3      | Reached XP level 4. HP: 36/36 MP: 4/4
  2143 | D:3      | Reached skill level 1 in Armour
  2293 | D:3      | Reached skill level 7 in Bows
  2293 | D:3      | Reached XP level 5. HP: 20/41 MP: 5/5
  2588 | D:3      | Found a sacrificial altar of Ru.
  3026 | D:4      | Found a white marble altar of Elyvilon.
  3132 | D:4      | Found a bloodstained altar of Trog.
  3151 | D:4      | HP: 2/41 [worker ant (5)]
  3159 | D:4      | Killed from afar by an orc priest

Illustrated notes

Levels and vault maps discovered:
D:1:      minmay_arrival_nine_rooms, layout_rooms
D:2:      layout_basic
D:3:      layout_rooms, hangedman_ru_absence
D:4:      layout_cave_pools, kennysheep_little_box, elyvilon_altar_5,
          first_ration, nemelex_spade_bored_becter

Skill      XL: |  1  2  3  4 |
---------------+-------------+-----
Bows           | 6 7 |  7.4
Unarmed Combat | 1 |  1.7
Armour         | 1 |  1.5
Fighting       | |  2.2
Short Blades   | |  0.4
Dodging        | |  1.8
Stealth        | |  0.4

Action                   |  1- 3 |  4- 6 || total
-------------------------+-------+-------++-------
Melee: Short sword       |    42 |    46 ||    88
       Kick              |    10 |     9 ||    19
 Fire: Shortbow          |    81 |    74 ||   155
  Use: Scroll            |       |     5 ||     5
       Potion            |       |     4 ||     4
  Eat: Chunk             |     1 |     4 ||     5
Armor: Leather armour    |    11 |    29 ||    40
Dodge: Dodged            |    25 |    37 ||    62
